 Dungeon Crawl Stone Soup version 0.16.0-12-g7215832 (webtiles) character file.

2 RobertPalmer the Sneak (level 1, 0/11 HPs)
             Began as an Octopode Enchanter on Mar 18, 2015.
             Slain by a giant cockroach (1 damage)
             ... on level 1 of the Dungeon.
             The game lasted 00:00:20 (91 turns).

RobertPalmer the Sneak (Octopode Enchanter)           Turns: 91, Time: 00:00:20

Health: 0/11       AC:  1    Str:  7    XL:     1   Next: 40%
Magic:  3/3        EV: 12    Int: 17    God:
Gold:   11         SH:  0    Dex: 12    Spells: 1 memorised, 3 levels left

rFire  . . .     SeeInvis .     a - +1 dagger
rCold  . . .     Clarity  .     (no shield)
rNeg   . . .     SustAb   .     (helmet restricted)
rPois  .         Gourm    .     (no amulet)
rElec  .         Spirit   .     (no ring)
rCorr  .         Warding  .     (no ring)
rMut   .         Stasis   .     (no ring)
MR     .....                    (no ring)
Stlth  ++++......               (no ring)
                                (no ring)
                                (no ring)
                                (no ring)

@: not resistant to hostile enchantments, stealthy
A: almost no armour, amphibious, 8 rings, constrict 8, camouflage 1, gelatinous
body 1
a: no special abilities


You were on level 1 of the Dungeon.
You were not hungry.

You visited 1 branch of the dungeon, and saw 1 of its levels.

You collected 11 gold pieces.

Inventory:

Hand weapons
 a - a +1 dagger (weapon)
Books
 c - a book of Maledictions
Comestibles
 d - a bread ration {@e1}


   Skills:
 - Level 1.0 Short Blades
 - Level 2.0 Dodging
 - Level 4.0 Stealth
 - Level 2.0 Spellcasting
 + Level 3.2 Hexes


You had 3 spell levels left.
You knew the following spells:

 Your Spells              Type           Power        Failure   Level  Hunger
v - Corona                Hex            ##.....      6%          1    #......


Dungeon Overview and Level Annotations

Branches:
Dungeon (1/15)

Altars:


Innate Abilities, Weirdness & Mutations

You cannot wear most types of armour.
You are amphibious.
You can wear up to eight rings at the same time.
You can use your tentacles to constrict many enemies at once.
Your skin changes colour to match your surroundings (Stealth).
Your rubbery body absorbs attacks (AC +1).


Message History

Welcome, RobertPalmer the Octopode Enchanter.
Will you be the one to retrieve the fabulous Orb of Zot from the depths?
Found a cloak.
Found a staircase leading out of the dungeon.
A bat comes into view.
A kobold comes into view.
The helpless kobold fails to defend itself.
You puncture the kobold!!
You kill the kobold!
The bat hits you.
You take 1 damage, and have 10/11 hp.
You hit the bat!
You kill the bat!
No target in view!
Things that are here:
a cloak; a bat corpse You now have 11 gold pieces.
Things that are here:
a cloak; a bat corpse
Things that are here:
a stone; a kobold corpse A rat comes into view.
Found 4 poisoned needles.
Found an escape hatch in the floor.
Health restored: 11 A rat is nearby!
A rat is nearby!
A bat comes into view.
The rat bites you. The bat barely misses you.
You take 2 damage, and have 9/11 hp.
You barely miss the bat. You grab the bat.
You constrict the bat, but do no damage.
The bat barely misses you. x2
The rat bites you.
The bat struggles to escape constriction.
You take 1 damage, and have 8/11 hp.
You hit the bat but do no damage. Your squeeze misses the bat.
You constrict the bat, but do no damage.
The bat barely misses you.
The bat struggles to escape constriction.
The rat misses you.
The bat struggles to escape constriction.
You completely miss the bat. You constrict the bat. The bat misses you.
The bat barely misses you. The rat bites you.
The bat struggles to escape constriction.
You take 1 damage, and have 7/11 hp.
You hit the bat.
You kill the bat!
The rat barely misses you.
You hit the rat!
You kill the rat!
No target in view!
You start resting.
A kobold comes into view. It is wielding a dagger.
A kobold is nearby!
A bat comes into view.
The kobold shouts!
The kobold throws a stone.
The stone hits you.
A giant cockroach comes into view.
You see here a stone.
You take 1 damage, and have 7/11 hp.
The kobold hits you with a dagger.
* * * LOW HITPOINT WARNING * * *
You take 4 damage, and have 3/11 hp.
MASSIVE DAMAGE!!
You barely miss the kobold. You grab the kobold. You constrict the kobold.
The bat hits you.
* * * LOW HITPOINT WARNING * * *
The bat closely misses you. x2
You take 1 damage, and have 2/11 hp.
Unknown command.
You release your grip on the kobold.
The bat barely misses you. The kobold closely misses you. The bat hits you.
* * * LOW HITPOINT WARNING * * *
The kobold throws a stone.
The stone hits you but does no damage.
You see here a stone.
You take 1 damage, and have 1/11 hp.
You open the door. The bat misses you. The bat barely misses you.
Unknown command.
The bat misses you. The giant cockroach bites you.
You die...

..#>...###.....
..............
#..........# ...........#
.. . #.#.(......##...#
..#. .###.#....(...'.....
#.#.#.#.#.#†.....Kb##....
............†...s..#
#.#.#.#.#.######@###
...........#####.#
#.#.#.#.#.#......#
.......<...#####.#
#.#.#.#.#.######.#
..................
#.#.#.#.#.######.#
......[.....# #.#
#.#.#.#.#(#.# ###


You could see a giant cockroach, a bat and a kobold.

Vanquished Creatures
  2 bats (D:1)
  A kobold (D:1)
  A rat (D:1)
4 creatures vanquished.

Notes
Turn   | Place    | Note
--------------------------------------------------------------
     0 | D:1      | RobertPalmer, the Octopode Enchanter, began the quest for the Orb.
     0 | D:1      | Reached XP level 1. HP: 11/11 MP: 3/3
    87 | D:1      | HP: 2/11 [bat (1)]
    91 | D:1      | Slain by a giant cockroach

Action                   || total
-------------------------++-------
Melee: Dagger            ||     8
 Stab: Sleeping          ||     1

Vault maps used:
D:1:      lightli_arrival_farm, st_stairs_10, minmay_misc_feat_rows,
          minmay_misc_feat_room

Table legend:
 A = Turns spent in this place as a percentage of turns spent in the entire game.
 B = Non-inter-level travel turns spent in this place as a percentage of non-inter-level travel turns spent in the entire game.
 C = Inter-level travel turns spent in this place as a percentage of turns spent in this place.
 D = Turns resting spent in this place as a percentage of non-inter-level travel turns spent in this place.
 E = Turns spent auto-exploring this place as a percentage of non-inter-level travel turns spent in this place.
 F = Non-inter-level travel turns spent in this place divided by the number of levels of this place that you've seen.
                   A       B       C       D       E      F
               +-------+-------+-------+-------+-------+----------------------
         Total | 100.0 | 100.0 |   0.0 |   4.7 |   4.7 |  43.0
       Dungeon | 100.0 | 100.0 |   0.0 |   4.7 |   4.7 |  43.0
               +-------+-------+-------+-------+-------+----------------------

Table legend:
 A = Kills in this place as a percentage of kills in entire the game.
 B = Kills by you in this place as a percentage of kills by you in the entire game.
 C = Kills by friends in this place as a percentage of kills by friends in the entire game.
 D = Other kills in this place as a percentage of other kills in the entire game.
 E = Experience gained in this place as a percentage of experience gained in the entire game.
 F = Experience gained in this place divided by the number of levels of this place that you have seen.
                   A       B       C       D       E      F
               +-------+-------+-------+-------+-------+----------------------
         Total | 100.0 | 100.0 |  -nan |  -nan | 100.0 |   4.0
       Dungeon | 100.0 | 100.0 |  -nan |  -nan | 100.0 |   4.0
               +-------+-------+-------+-------+-------+----------------------
